Map: Pillars of Gold LE

Players

pezzaperry (Pezz) - Winner!

  • Race: Protoss Protoss
  • League: Grandmaster
  • Spawn Location: 1:00

RazerBlader

  • Race: Terran Terran
  • League: Master
  • Spawn Location: 7:00

Event: DreamHack SC2 Masters 2020 Winter

VOD

Have the link to the VOD?

Description

Time

  • Played on: Oct. 10, 2020, 9:03 p.m.
  • Length: 7:20

All games in this series

Show
View Real Time Build Order
Export as new Build Order

pezzaperry Protoss - Winner!

Build Orders: 1 Gate Expand, Phoenix Opening 

Get SALT Encoding   

  12  0:00  Probe  
  13  0:12  Probe  
  14  0:18  Pylon  
  14  0:24  Probe  
  15  0:36  Gateway  
  15  0:39  Probe (Chrono Boost)  
  16  0:49  Assimilator, Probe (Chrono Boost)  
  17  0:54  Probe (Chrono Boost)  
  18  1:05  Probe  
  19  1:18  Probe  
  20  1:23  Cybernetics Core  
  20  1:38  Nexus  
  20  1:44  Pylon  
  20  1:48  Probe  
  21  1:54  Assimilator  
  21  2:00  Adept (Chrono Boost)  
  22  2:08  Shield Battery  
  23  2:11  Probe  
  24  2:20  Adept (Chrono Boost)  
  24  2:23  Probe  
  26  2:34  Stargate  
  27  2:37  Probe  
  27  2:40  Warp Gate  
  27  2:47  Adept  
  29  2:55  Probe (Chrono Boost)  
  29  3:07  Probe x2 (Chrono Boost)  
  30  3:16  Probe x2 (Chrono Boost)  
  30  3:17  Phoenix  
  34  3:23  Probe (Chrono Boost)  
  34  3:25  Probe (Chrono Boost)  
  36  3:28  Probe  
  36  3:31  Gateway  
  37  3:35  Probe  
  39  3:41  Probe  
  39  3:42  Phoenix  
  39  3:47  Probe  
  42  3:50  Pylon  
  42  3:54  Probe (Chrono Boost)  
  43  3:57  Twilight Council  
  44  4:05  Probe (Chrono Boost)  
  44  4:06  Probe (Chrono Boost)  
  44  4:08  Phoenix  
  47  4:12  Probe (Chrono Boost)  
  47  4:13  Pylon  
  47  4:16  Assimilator  
  48  4:18  Probe  
  49  4:24  Probe  
  49  4:27  Pylon  
  49  4:30  Charge (Chrono Boost)  
  50  4:33  Phoenix  
  52  4:40  Probe  
  52  4:41  Probe  
  54  4:50  Gateway  
  54  4:52  Gateway  
  54  4:53  Gateway  
  54  4:58  Phoenix  
  56  5:08  Pylon  
  56  5:12  Zealot, Sentry  
  60  5:23  Phoenix  
  60  5:26  Nexus  
  62  5:36  Pylon  
  62  5:48  Phoenix  
  62  5:49  Zealot x4  
  72  5:50  Zealot  
  74  5:57  Pylon  
  74  6:08  Pylon  
  74  6:09  Zealot x3  
  80  6:26  Zealot x2  
  80  6:30  Zealot x2  
  80  6:48  Zealot x3, Probe x2  
  86  6:55  Probe  
  86  6:58  Zealot x2, Templar Archives  
  86  7:00  Probe x2  
  93  7:06  Pylon  
  93  7:07  Probe  
  94  7:09  Stalker, Zealot x2  
Show
View Real Time Build Order
Export as new Build Order

RazerBlader Terran 

Build Orders: Reaper Expand 

Get SALT Encoding   

  12  0:00  SCV  
  13  0:12  SCV  
  14  0:18  Supply Depot  
  14  0:25  SCV  
  15  0:39  SCV  
  15  0:40  Barracks  
  16  0:45  Refinery  
  16  0:51  SCV  
  17  1:04  SCV  
  18  1:16  SCV  
  19  1:28  Reaper  
  19  1:29  Orbital Command  
  20  1:48  Command Center  
  20  1:54  SCV  
  20  2:00  Marine  
  22  2:04  Supply Depot  
  23  2:08  SCV  
  23  2:18  Factory  
  23  2:24  Bunker  
  23  2:25  Marine  
  23  2:28  SCV  
  25  2:34  Refinery  
  25  2:41  SCV  
  26  2:45  Barracks Reactor  
  26  2:53  SCV  
  27  3:04  Hellion  
  27  3:05  SCV  
  30  3:07  Starport  
  30  3:12  Orbital Command  
  30  3:17  SCV  
  31  3:21  Marine x2  
  35  3:27  Widow Mine  
  35  3:29  SCV  
  36  3:38  SCV  
  36  3:41  Marine x2, SCV  
  38  3:45  Supply Depot  
  39  3:48  Viking  
  39  3:53  Factory Tech Lab  
  39  3:54  SCV  
  39  3:55  SCV  
  43  4:00  Marine x2  
  45  4:07  SCV  
  46  4:10  SCV  
  46  4:12  Cyclone  
  46  4:14  Supply Depot  
  50  4:20  Supply Depot, Viking  
  50  4:22  Marine  
  50  4:23  Marine  
  54  4:36  SCV x2  
  56  4:43  Command Center  
  56  4:45  Siege Tank  
  59  4:48  SCV  
  59  4:49  Marine x2  
  59  4:52  SCV  
  61  4:53  Viking  
  61  4:56  Supply Depot  
  63  5:01  SCV  
  63  5:06  SCV  
  65  5:08  Marine  
  65  5:09  Marine  
  65  5:10  Barracks  
  65  5:12  Barracks  
  67  5:15  SCV  
  67  5:18  SCV, Siege Tank  
  72  5:23  Refinery  
  72  5:25  Refinery  
  72  5:27  Viking  
  74  5:29  Marine  
  74  5:30  Marine  
  74  5:31  SCV  
  74  5:33  SCV  
  78  5:38  Supply Depot  
  78  5:47  Engineering Bay  
  78  5:48  Engineering Bay  
  78  5:55  Marine x2, SCV x2  
  78  5:56  Orbital Command  
  82  6:01  Barracks Tech Lab  
  82  6:03  Starport Reactor  
  82  6:07  SCV  
  82  6:08  SCV  
  82  6:10  Marauder  
  82  6:11  Factory Reactor  
  86  6:14  Marine x2  
  82  6:20  SCV x2  
  82  6:21  SCV  
  82  6:32  SCV x2  
  84  6:34  SCV  
  84  6:38  Marine  
  86  6:46  SCV  
  61  6:48  Marine, Marauder  
  61  6:49  Marauder  
  56  6:55  Bunker  
  56  6:56  Marine  
  56  6:57  Bunker  
  59  7:01  SCV  
  59  7:03  SCV  
Tags
 
Add a new tag
Caveats
  • Supply blocks, unpowered buildings, or Contaminate may cause inaccurate times.
  • Supply counts are checked every 10 seconds.